 Dungeon Crawl Stone Soup version 0.30-b1-2-g02819fbbbe (webtiles) character file.

Game seed: 6708885761565185522

114 raph the Chopper (level 4, 0/39 HPs)
             Began as a Hill Orc Fighter on May 9, 2023.
             Was a Priest of Jiyva.
             Slain by an orc
             ... wielding a +2 hand axe of freezing
              (1 damage)
             ... on level 3 of the Dungeon.
             The game lasted 00:02:46 (2181 turns).

raph the Chopper (Hill Orc Fighter)                 Turns: 2181, Time: 00:02:47

Health: 0/39       AC:  6    Str: 18    XL:     4   Next: 98%
Magic:  4/4        EV:  9    Int:  8    God:    Jiyva [***...]
Gold:   102        SH:  0    Dex: 12    Spells: 3/3 levels left

rFire   . . .        a - +0 war axe
rCold   . . .        c - +0 buckler
rNeg    . . .        b - +0 scale mail
rPois   .            (no helmet)
rElec   .            (no cloak)
rCorr   +            (no gloves)
SInv    .            (boots unavailable)
Will    .....        (no amulet) Stlth
                     (no ring)
HPRegen 1.38/turn    (no ring)
MPRegen 0.44/turn

%: no passive effects
@: confused, mighty, lethally poisoned (0 -> -1)
A: talons 3, jelly sensing items
a: Renounce Religion, Convert to Beogh, Oozemancy


You were on level 3 of the Dungeon.
You worshipped Jiyva.
Jiyva was most pleased with you.
You visited 1 branch of the dungeon, and saw 3 of its levels.

You collected 102 gold pieces.

Inventory:

Hand Weapons
 a - a +0 war axe (weapon)
Armour
 b - a +0 scale mail (worn)
 c - a +0 buckler (worn)
Wands
 k - a wand of flame (13)
Scrolls
 h - a scroll of poison
Potions
 d - a potion of might
 g - a potion of haste {unknown}
 i - a potion of resistance {unknown}
 j - a potion of heal wounds {unknown}
 l - 2 potions of flight {unknown}


   Skills:
 - Level 3.6 Fighting
 + Level 6.6 Axes
 - Level 3.2 Armour
 - Level 3.2 Shields


You had 3 spell levels left.
You didn't know any spells.
Your spell library was empty.

Dungeon Overview and Level Annotations

Branches:
Dungeon (3/15)

Altars:
Jiyva


Innate Abilities, Weirdness & Mutations

You have claws for feet.
You have a small jelly attached to you that senses nearby items.


Message History

The orc wizard barely misses you. The orc closely misses you.
The orc wizard gestures at you while chanting.
You are more confused.
You closely miss the orc wizard. Your kick misses the orc wizard.
The orc wizard is severely wounded.
You barely miss the adder. The adder bites you.
You are poisoned.
The adder poisons you! The orc barely misses you.
You hear a distant slurping noise.
The orc wizard hits you but does no damage.
The adder closely misses you.
You barely miss the orc wizard. Your kick misses the orc wizard.
The orc wizard is severely wounded.
You barely miss the adder.
The orc priest threatens, "By the altar or by the axe, you will meet Beogh!"
You hit the orc but do no damage.
You feel sick.
The orc wizard gestures at you while chanting.
You resist with some effort.
The orc hits you from afar with a +0 trident!
The orc hits you with a +2 hand axe of freezing.
The orc freezes you. The adder barely misses you.
The orc hits you from afar with a +0 trident.
You closely miss the orc. Your kick misses the orc. You barely miss the adder.
You barely miss the orc wizard.
You feel sick. The adder bites you. x2
The orc priest casts a cantrip, but nothing happens.
The orc hits you from afar with a +0 trident.
You hear a distant slurping noise.
The orc hits you with a +2 hand axe of freezing.
* * * LOW HITPOINT WARNING * * *
The orc freezes you.
* * * LOW HITPOINT WARNING * * *
You bump into the rock wall.
You feel sick. The adder barely misses you.
The orc wizard points at you and mumbles some strange words.
The magic dart hits you.
* * * LOW HITPOINT WARNING * * *
The orc hits you but does no damage.
The orc hits you with a +2 hand axe of freezing.
* * * LOW HITPOINT WARNING * * *
The orc freezes you.
You die...

#. .. #####< #. #.....
.### #. #.###. ....##.
#.# #. .....#.
##########.# #.
#...... #..>.......#
#.
......o####.##########
#. .....woS@)....# #.
.......oo...#.# .
........#####.# ∆
.......## # #.....#
#....# ..... #.##.


You could see a worm, an orc priest, an orc wizard, an adder and 2 orcs.

Vanquished Creatures
  Terence (D:2)
  Natasha (twice) (D:2)
  A dart slug (D:1)
  An orc (D:3)
  5 ball pythons (D:1)
  2 giant cockroaches (D:1)
  2 goblins
  2 hobgoblins (D:1)
  2 jackals (D:1)
  5 kobolds
  2 quokkas
  5 bats
  3 frilled lizards
  3 rats
  2 bushes (D:1)
38 creatures vanquished.

Vanquished Creatures (others)
  A jelly (D:3)
  An orc priest (D:3)
  Natasha (D:2)
  2 adders (D:2)
  5 dart slugs (D:3)
  2 endoplasms (D:3)
  A giant cockroach (D:2)
  A hobgoblin (D:2)
  A quokka (D:1)
  A frilled lizard (D:1)
  2 kobolds (D:3)
  A rat (D:1)
  2 plants (D:1)
21 creatures vanquished.

Grand Total: 59 creatures vanquished

Notes
Turn   | Place    | Note
-------+----------+-------------------------------------------
     0 | D:1      | raph the Hill Orc Fighter began the quest for the Orb.
     0 | D:1      | Reached XP level 1. HP: 19/19 MP: 1/1
    18 | D:1      | Reached skill level 3 in Axes
    24 | D:1      | Reached XP level 2. HP: 26/26 MP: 2/2
    79 | D:1      | Found a faded altar of an unknown god.
    90 | D:1      | Prayed at the altar of an unknown god.
    90 | D:1      | Became a worshipper of Jiyva Jucw the Shapeless
    90 | D:1      | Reached * piety under Jiyva
   207 | D:1      | Reached skill level 4 in Axes
   297 | D:1      | Reached ** piety under Jiyva
   521 | D:1      | Reached XP level 3. HP: 31/31 MP: 3/3
  1323 | D:2      | Killed Natasha
  1355 | D:2      | Noticed Terence
  1360 | D:2      | Killed Terence
  1361 | D:2      | Reached skill level 5 in Axes
  1404 | D:2      | Reached XP level 4. HP: 38/39 MP: 4/4
  1587 | D:2      | Reached *** piety under Jiyva
  1587 | D:2      | Gained mutation: You have sharp toenails. [Jiyva's grace]
  1587 | D:2      | Gained mutation: You have razor-sharp toenails. [Jiyva's
                  | grace]
  1587 | D:2      | Gained mutation: You have claws for feet. [Jiyva's grace]
  1587 | D:2      | Gained mutation: You have a small jelly attached to you
                  | that senses nearby items. [Jiyva's grace]
  1668 | D:2      | Noticed Natasha
  1676 | D:2      | Killed Natasha
  1677 | D:2      | Reached skill level 6 in Axes
  1681 | D:2      | Noticed Natasha
  1692 | D:2      | Killed Natasha
  2181 | D:3      | HP: 1/39 [orc/+2 hand axe of freezing (2)]
  2181 | D:3      | Slain by an orc

Illustrated notes

Levels and vault maps discovered:
D:1:      dpeg_arrival_houses_and_road, layout_loops_cross, serial_forest,
          infiniplex_forest_side_room, infiniplex_forest_lined_ring,
          infiniplex_forest_end_3, infiniplex_forest_corner_1,
          infiniplex_forest_lined_room_, infiniplex_forest_straight_4,
          ebering_ecumenical_altar_webs, roderic_lattice_a,
          minmay_misc_feat_five
D:2:      layout_basic, uniq_terence, uniq_natasha
D:3:      kennysheep_slugbush, layout_loops_ring, serial_shops, shop,
          lightli_corner_chamber

Skill      XL: |  1  2  3  4 |
---------------+-------------+-----
Axes           | 3 4 5 6 |  6.6
Fighting       | |  3.6
Armour         | |  3.2
Shields        | |  3.2

Action                     |  1- 3 |  4- 6 || total
---------------------------+-------+-------++-------
  Melee: War axe           |   147 |    41 ||   188
         Kick              |       |     3 ||     3
    Use: Scroll            |       |     2 ||     2
         Potion            |       |     1 ||     1
 Armour: Scale mail        |    37 |    15 ||    52
  Dodge: Dodged            |    31 |    21 ||    52
  Block: Buckler           |    22 |     6 ||    28
